 Dungeon Crawl Stone Soup version 0.27-a0-1332-g84bddb5ca7 (webtiles) character file.

Game seed: 5523692227401303571

3 JumajiCA the Grave Robber (level 1, -1/13 HPs)
             Began as a Vampire Necromancer on June 26, 2021.
             Slain by an endoplasm (2 damage)
             ... on level 2 of the Dungeon.
             The game lasted 00:01:15 (170 turns).

JumajiCA the Grave Robber (Vampire Necromancer)      Turns: 170, Time: 00:01:15

Health: -1/13      AC:  2    Str:  7    XL:     1   Next: 41%
Magic:  1/3        EV: 12    Int: 17    God:
Gold:   0          SH:  0    Dex: 14    Spells: 3/4 levels left

rFire    . . .     SeeInvis +   d - +0 dagger
rCold    . . .     Faith    .   (no shield)
rNeg     . . .     Spirit   .   a - +0 robe
rPois    .         Reflect  .   (no helmet)
rElec    .         Harm     .   (no cloak)
rCorr    .         Rampage  .   (no gloves)
Will     .....                  (no boots)
Stlth    ++........             (no amulet)
HPRegen  0.24/turn              (no ring)
MPRegen  0.08/turn              (no ring)

@: healing quickly
A: alive, fangs 3, see invisible, vampiric 1
a: Exsanguinate


You were on level 2 of the Dungeon.
You visited 1 branch of the dungeon, and saw 2 of its levels.

Inventory:

Hand Weapons
 d - a +0 dagger (weapon)
Armour
 a - a +0 robe (worn)
 c - a +0 robe
Potions
 b - 2 potions of heal wounds {unknown}
 e - a potion of degeneration {unknown}


   Skills:
 + Level 2.1 Dodging
 + Level 3.0 Stealth
 + Level 2.0 Spellcasting
 + Level 4.5 Necromancy


You had 3 spell levels left.
You knew the following spells:

 Your Spells              Type           Power      Damage    Failure   Level
a - Pain                  Necr           68%        1d7       3%          1

Your spell library contained the following spells:

 Spells                   Type           Power      Damage    Failure   Level
 Animate Skeleton         Necr           34%        N/A       3%          1
 Vampiric Draining        Necr           8%         2d7       9%          3
 Animate Dead             Necr           8%         N/A       28%         4
 Agony                    Necr           17%        N/A       63%         5


Dungeon Overview and Level Annotations

Branches:
Dungeon (1/15)

Altars:


Innate Abilities, Weirdness & Mutations

Your natural rate of healing is accelerated.
You have razor-sharp teeth.
You have supernaturally acute eyesight. (SInv)
You are afflicted with vampirism.


Message History

Press: ? - help, Q - select action Shift-Dir - straight line, f/p - bat
Aim: a bat (chance to affect: 87%)
The bat writhes in agony.
The bat closely misses you. The bat barely misses you.
You hit the bat.
The bat is severely wounded.
The bat hits you. The bat closely misses you. The endoplasm barely misses you.
Aiming: Pain (safe; 3% risk of failure)
Press: ? - help, Q - select action Shift-Dir - straight line, f/p - bat
Aim: a bat (heavily wounded, chance to affect: 87%)
The bat writhes in agony.
You kill the bat!
The endoplasm freezes you.
You are frozen.
The bat closely misses you.
You don't have enough magic to cast this spell.
You miss the bat.
The bat is severely wounded.
The bat hits you. The endoplasm barely misses you.
You hit the bat.
You kill the bat!
The endoplasm freezes you.
You are frozen.
The endoplasm barely misses you.
You see here a bat corpse.
You hit the endoplasm but do no damage. The endoplasm freezes you.
You are frozen.
* * * LOW HITPOINT WARNING * * *
You barely miss the endoplasm.
You bite the endoplasm, but do no damage.
The endoplasm barely misses you.
You hit the endoplasm but do no damage. The endoplasm hits you.
* * * LOW HITPOINT WARNING * * *
You hit the endoplasm.
The endoplasm is lightly wounded.
The endoplasm hits you but does no damage.
You hit the endoplasm but do no damage.
The endoplasm is lightly wounded.
The endoplasm hits you.
You die...

######### ##..(#...#
##### ##.........
########...###..........
.............†..........
##.........###..........
###...........)@.......
#....###.####J......#
#....# #... ...#.#.## #
##.#### #####......>
###..# #..##.#.# ....##
#..# ..... ##### ..##
.... # .. ##.


You could see an endoplasm.

Vanquished Creatures
  2 bats (D:2)
  A goblin (D:2)
3 creatures vanquished.

Notes
Turn   | Place    | Note
-------+----------+-------------------------------------------
     0 | D:1      | JumajiCA the Vampire Necromancer began the quest for the
                  | Orb.
     0 | D:1      | Reached XP level 1. HP: 13/13 MP: 3/3
    74 | D:1      | You fall into a shaft and drop 1 floor!
   170 | D:2      | Slain by an endoplasm

Illustrated notes

Levels and vault maps discovered:
D:1:      shiori_arrival_elements, layout_basic, corexii_item_surrounded_by_moat
D:2:      layout_rooms, basic_ecumenical_altar, hangedman_abyss_or_decor_stabs,
          skrybe_limestone_x, minmay_heptomino_h4

Action                   || total
-------------------------++-------
Melee: Dagger            ||    11
       Bite              ||     1
 Cast: Pain              ||     3
Armor: Robe              ||     4
Dodge: Dodged            ||    16

Table legend: (Time is in decaauts)
 A = Elapsed time spent in this place.
 B = Non-inter-level travel time spent in this place.
 C = Inter-level travel time spent in this place.
 D = Time resting spent in this place.
 E = Time spent auto-exploring this place.
 F = Levels seen in this place.
 G = Mean time per level.
                   A        B        C        D        E       F      G
               +--------+--------+--------+--------+--------+-----+--------+
         Total |    169 |    169 |      0 |      0 |     35 |   2 |   84.5 |
       Dungeon |    169 |    169 |      0 |      0 |     35 |   2 |   84.5 |
               +--------+--------+--------+--------+--------+-----+--------+

Top non-repeatable levels by time:
     D:2: 95 daAuts
     D:1: 74 daAuts
